 Dungeon Crawl Stone Soup version 0.19.1 (webtiles) character file.

32 mmcf the Ruffian (level 3, -1/28 HPs)
             Began as a Draconian Transmuter on Dec 1, 2016.
             Slain by a leopard gecko (2 damage)
             ... on level 1 of the Dungeon.
             The game lasted 00:01:33 (846 turns).

mmcf the Ruffian (Draconian Transmuter)              Turns: 846, Time: 00:01:34

Health: -1/28      AC:  5    Str: 12    XL:     3   Next: 8%
Magic:  6/6        EV: 12    Int: 14    God:
Gold:   29         SH:  0    Dex: 11    Spells: 2 memorised, 3 levels left

rFire  . . .     SeeInvis .       - Unarmed
rCold  . . .     Gourm    .     (armour unavailable)
rNeg   . . .     Faith    .     (no shield)
rPois  .         Spirit   .     (helmet restricted)
rElec  .         Reflect  .     (no cloak)
rCorr  .         Harm     .     (no gloves)
MR     .....                    (no boots)
Stlth  +.........               (no amulet)
                                (no ring)
                                (no ring)

@: about to teleport
A: unfitting armour, cold-blooded, AC +5
a: no special abilities


You were on level 1 of the Dungeon.
You were not hungry.

You visited 1 branch of the dungeon, and saw 2 of its levels.

You collected 29 gold pieces.

Inventory:

Missiles
 a - 12 arrows
 h - a stone (quivered)
Scrolls
 i - a scroll of remove curse {unknown}
Books
 b - a book of Changes

   Spells                             Type                      Level
   a - Beastly Appendage              Transmutation                1
   b - Sticks to Snakes               Transmutation                2
   c - Spider Form                    Transmutation/Poison         3
   d - Ice Form                       Ice/Transmutation            4
   e - Blade Hands                    Transmutation                5
Comestibles
 c - 2 bread rations
 g - a meat ration


   Skills:
 - Level 1.1 Fighting
 - Level 1.7 Dodging
 + Level 4.2 Unarmed Combat
 - Level 2.0 Spellcasting
 - Level 2.0 Transmutations


You had 3 spell levels left.
You knew the following spells:

 Your Spells              Type           Power        Failure   Level  Hunger
a - Beastly Appendage     Tmut           #.....       12%         1    ##.....
b - Sticks to Snakes      Tmut           #.......     17%         2    ###....


Dungeon Overview and Level Annotations

Branches:
Dungeon (2/15)

Altars:


Innate Abilities, Weirdness & Mutations

Your plain brown scales are hard. (AC +5)
You cannot fit into any form of body armour.
You are cold-blooded and may be slowed by cold attacks.


Message History

* * * LOW HITPOINT WARNING * * *
You feel sick. The leopard gecko barely misses you.
You hit the leopard gecko.
The leopard gecko is moderately wounded.
The leopard gecko closely misses you.
You closely miss the leopard gecko.
The leopard gecko is moderately wounded.
The leopard gecko barely misses you.
You aren't carrying any potions.
As you read the scroll labeled YCEMPIMONO, it crumbles to dust.
The scroll dissolves into smoke.
It was a scroll of fog.
The leopard gecko closely misses you.
As you read the scroll labeled KIDUYN ZEAC, it crumbles to dust.
You feel strangely unstable.
It was a scroll of teleportation.
* * * LOW HITPOINT WARNING * * *
You feel sick.
You are no longer poisoned.
The leopard gecko closely misses you. The leopard gecko bites you.
You die...

#.##...##.######.##.###..#
#.##...##.#.)............###
#.##........####...........#
#.##.......#####.)###....#.#
#.....###.........# #.#.##.#
####..# ##.#####.## #.####.#
#..# #§# #.# #.####.#
####..####§#####.# #...)...
#........§§@l§§§.# ######..
#.###.....§§S###.# #######>.
#.########§#########........
##'......####......+#..####.
#........##........##.# #.
#...##...##...##...##.# #.
#..####..##..####..##.# #.
######..####..##..####..##.#
#.
#....#...##...##...##...##.##
#[


You could see an adder and a leopard gecko.

Vanquished Creatures
  An ooze (D:1)
  A dart slug (D:1)
  2 giant cockroaches (D:1)
  6 goblins
  A hobgoblin (D:2)
  3 kobolds
  4 bats (D:1)
  2 frilled lizards (D:1)
  3 rats
23 creatures vanquished.

Notes
Turn   | Place    | Note
-------+----------+-------------------------------------------
     0 | D:1      | mmcf the Draconian Transmuter began the quest for the Orb.
     0 | D:1      | Reached XP level 1. HP: 16/16 MP: 3/3
   164 | D:1      | Reached XP level 2. HP: 18/23 MP: 5/5
   551 | D:2      | Reached skill level 4 in Unarmed Combat
   630 | D:1      | Reached XP level 3. HP: 27/28 MP: 6/6
   667 | D:1      | Learned a level 2 spell: Sticks to Snakes
   844 | D:1      | HP: 1/28 [poisoned by an adder]
   846 | D:1      | Slain by a leopard gecko

Skill      XL: |  1  2 |
---------------+-------+-----
Unarmed Combat | 4 |  4.2
Fighting       | |  1.1
Dodging        | |  1.7
Spellcasting   | |  2.0
Transmutations | |  2.0

Action                   || total
-------------------------++-------
Melee: Unarmed           ||    96
       Tailslap          ||    10
       Punch             ||     1
 Cast: Beastly Appendage ||     1
  Use: Scroll            ||     2
Armor: Skin              ||    35
Dodge: Dodged            ||    80
